 Dungeon Crawl Stone Soup version 0.18-a0-1418-ga86aa8f (webtiles) character file.

526 namelastname112 the Martial Artist (level 7, 49/57 HPs)
             Began as a Mottled Draconian Monk on Feb 27, 2016.
             Quit the game on level 4 of the Dungeon.
             The game lasted 00:02:48 (1846 turns).

namelastname112 the Martial Artist (DrMo)           Turns: 1846, Time: 00:02:48

Health: 49/57      AC:  8    Str: 13    XL:     7   Next: 2%
Magic:  7/7        EV: 13    Int: 10    God:
Gold:   195        SH:  0    Dex: 16    Spells: 0 memorised, 6 levels left

rFire  . . .     SeeInvis .       - Unarmed
rCold  . . .     Gourm    .     (armour unavailable)
rNeg   . . .     Faith    .     (no shield)
rPois  .         Spirit   .     (helmet restricted)
rElec  .         Dismiss  .     (no cloak)
rCorr  .         Reflect  .     o - +0 pair of gloves
SustAt .         Harm     .     j - +0 pair of boots
MR     .....     Rnd*Tele +     (no amulet)
Stlth  ++........               (no ring)
                                k - ring of teleportation (curse)

@: not resistant to hostile enchantments, unstealthy
A: breathe sticky flame splash, unfitting armour, cold-blooded, AC +6
a: Breathe Sticky Flame


You were on level 4 of the Dungeon.
You were very hungry.

You visited 1 branch of the dungeon, and saw 4 of its levels.

You collected 195 gold pieces.

Inventory:

Armour
 j - a +0 pair of boots (worn)
 o - a +0 pair of gloves (worn)
Jewellery
 k - a cursed ring of teleportation (left hand)
Wands
 n - a wand of lightning (8/15)
Scrolls
 c - 3 scrolls of recharging {unknown}
 d - 4 scrolls of identify {unknown}
 e - a scroll of amnesia {unknown}
 f - a scroll of remove curse {unknown}
 i - a scroll of enchant weapon {unknown}
 m - a scroll of teleportation {unknown}
Potions
 g - a potion of might
Comestibles
 a - a bread ration
 h - a beef jerky
 l - a slice of pizza


   Skills:
 - Level 3.2 Fighting
 - Level 2.6 Dodging
 - Level 1.7 Stealth
 + Level 8.5 Unarmed Combat


You had 6 spell levels left.
You didn't know any spells.

Dungeon Overview and Level Annotations

Branches:
Dungeon (4/15)
 Temple: D:4-7

Altars:
Kikubaaqudgha
Nemelex Xobeh

Annotations:
D:3 Galewind's ghost, amateur DEIE


Innate Abilities, Weirdness & Mutations

You can spit globs of burning liquid.
You can ignite nearby creatures when you spit burning liquid.
Your weird mottled scales are hard (AC +6).
Your body does not fit into most forms of armour.
You are cold-blooded and may be slowed by cold attacks.


Message History

You punch Amnesiac's ghost!
Amnesiac's ghost is severely damaged.
Amnesiac's ghost hits you!
You punch Amnesiac's ghost!
Amnesiac's ghost is almost destroyed.
Amnesiac's ghost hits you!
You hit Amnesiac's ghost.
You destroy Amnesiac's ghost!
Your Unarmed Combat skill increases to level 8!
You have reached level 7!
Your scales start taking on a weird mottled colour.
You learn Fire Magic quicker.
You can spit globs of burning liquid.
You can ignite nearby creatures when you spit burning liquid.
You start resting.
You are feeling very hungry.
Are you sure you want to abandon this character and quit the game? (Confirm with "yes".)
Okay, then.
Are you sure you want to abandon this character and quit the game? (Confirm with "yes".)
Okay, then.
Are you sure you want to abandon this character and quit the game? (Confirm with "yes".)

#.# #### ### ##..##...
..## $...... ....
#..#.#####.###
#.#.........#
#...........#
##..........#
######..P♣.......#
#....@..♣♣.......#####
#.#####....###))......
##..## #.####### ##.#
#.# #.# #.# #)## #.#
#..# #.# ##.###'######
#.##.......#


There were no monsters in sight!

Vanquished Creatures
  The ghost of Amnesiac the Insei, a novice OpTm (D:4)
  2 ogres
  An orc wizard (D:4)
  A gnoll (D:1)
  An adder (D:4)
  2 oozes
  A dart slug (D:1)
  2 giant geckos
  5 orcs
  5 bats
  A giant cockroach (D:1)
  5 hobgoblins
  2 jackals (D:2)
  2 ball pythons (D:1)
  A giant gecko skeleton (D:4)
  2 giant newts
  4 goblins
  2 kobolds
  6 rats
  2 rat zombies (D:2)
48 creatures vanquished.

Notes
Turn   | Place    | Note
--------------------------------------------------------------
     0 | D:1      | namelastname112 the Draconian Monk began the quest for the Orb.
     0 | D:1      | Reached XP level 1. HP: 19/19 MP: 1/1
   137 | D:1      | Reached XP level 2. HP: 21/26 MP: 2/2
   247 | D:1      | Reached skill level 5 in Unarmed Combat
   247 | D:1      | Reached XP level 3. HP: 25/31 MP: 3/3
   710 | D:2      | Found a sparkling altar of Nemelex Xobeh.
  1012 | D:2      | Found an ancient bone altar of Kikubaaqudgha.
  1261 | D:3      | Noticed Galewind's ghost (amateur DEIE)
  1312 | D:3      | Noticed an ogre
  1320 | D:3      | Killed an ogre
  1320 | D:3      | Reached skill level 6 in Unarmed Combat
  1320 | D:3      | Reached XP level 4. HP: 35/38 MP: 4/4
  1320 | D:3      | Reached XP level 5. HP: 41/45 MP: 5/5
  1520 | D:4      | Noticed an ogre
  1531 | D:4      | Killed an ogre
  1531 | D:4      | Reached skill level 7 in Unarmed Combat
  1653 | D:4      | Reached XP level 6. HP: 51/51 MP: 6/6
  1660 | D:4      | Noticed Amnesiac's ghost (novice OpTm)
  1690 | D:4      | Killed Amnesiac's ghost
  1690 | D:4      | Reached skill level 8 in Unarmed Combat
  1690 | D:4      | Your scales start taking on a weird mottled colour.
  1690 | D:4      | Reached XP level 7. HP: 20/57 MP: 7/7
  1846 | D:4      | Quit the game

Vault maps used:
D:1:      sevenhm_arrival_forest_fort_small_4, kennysheep_minor_cross,
          grunt_decor_fettered, minmay_crystal_water
D:2:      lemuel_zombie_altar_kikubaaqudgha, st_stairs_14,
          nemelex_xobeh_ov_fountains_minmay
D:3:      lemuel_round_altar, first_bread, glass_columns_c
D:4:      serial_park_tiny_1

Skill      XL: |  1  2  3  4  5  6 |
---------------+-------------------+-----
Unarmed Combat | 5 6 7 8 |  8.5
Fighting       | |  3.2
Dodging        | |  2.6
Stealth        | |  1.7

Action                   |  1- 3 |  4- 6 |  7- 9 || total
-------------------------+-------+-------+-------++-------
Melee: Unarmed           |    85 |    47 |       ||   132
  Use: Potion            |     2 |     1 |       ||     3
 Stab: Sleeping          |     7 |     1 |       ||     8
  Eat: Chunk             |     1 |     1 |       ||     2
